 Dungeon Crawl Stone Soup version 0.20-a0-709-gd40821f (webtiles) character file.

44864 kidcy the Stickfighter (level 14, -1/116 HPs)
             Began as a Formicid Fighter on Feb 21, 2017.
             Was a Priest of Ieoh Jian.
             Slain by a black mamba (10 damage)
             ... on level 6 of the Lair of Beasts.
             The game lasted 00:41:32 (23999 turns).

kidcy the Stickfighter (Formicid Fighter)          Turns: 23999, Time: 00:41:34

Health: -1/116     AC: 17    Str: 24    XL:     14   Next: 68%
Magic:  14/14      EV:  7    Int:  9    God:    Ieoh Jian [***...]
Gold:   873        SH: 16    Dex: 14    Spells: 13/13 levels left

rFire    + . .     SeeInvis +   a - +1 quarterstaff
rCold    + + .     Gourm    .   G - +0 plate armour (curse)
rNeg     . . .     Faith    .   c - +0 shield
rPois    .         Spirit   .   (helmet unavailable)
rElec    .         Reflect  +   J - scarf {rC+}
rCorr    .         Harm     .   s - +0 pair of gloves {Str+3}
MR       +....                  (no boots)
Stlth    ..........             p - +3 amulet of reflection
Regen    0.3/turn               z - ring of protection from fire
MPRegen  0.2/turn               u - ring of protection from cold

@: no status effects
A: permanent stasis, dig shafts and tunnels, four strong arms, antennae 3
a: Dig, Shaft Self, Renounce Religion


You were on level 6 of the Lair of Beasts.
You worshipped Ieoh Jian.
Ieoh Jian was most pleased with you.
You were not hungry.

You visited 3 branches of the dungeon, and saw 18 of its levels.
You also visited: Sewer.

You collected 1101 gold pieces.
You spent 228 gold pieces at shops.

Inventory:

Hand Weapons
 a - a +1 quarterstaff (weapon)
Armour
 c - a +0 shield (worn)
 s - a +0 pair of gloves of strength (worn)
 B - a +0 cloak
 G - a cursed +0 plate armour (worn)
 J - a scarf of cold resistance (worn)
Jewellery
 p - a +3 amulet of reflection (around neck)
 r - an uncursed ring of flight
 t - an uncursed ring of stealth
 u - a ring of protection from cold (left hand)
 y - an uncursed ring of resist corrosion
 z - a ring of protection from fire (right hand)
Wands
 l - a wand of flame (24/48)
 o - a wand of paralysis (0/24)
 v - a wand of scattershot (0/9)
 N - a wand of polymorph (9/24)
 O - a wand of confusion (18/48)
 P - a wand of polymorph (8/24)
Scrolls
 e - 6 scrolls of enchant armour
 f - 2 scrolls of identify
 h - 4 scrolls of amnesia
 i - a scroll of remove curse
 k - 3 scrolls of recharging
 F - 2 scrolls of fog
Potions
 b - a potion of lignification {unknown}
 d - a potion of might
 g - 9 potions of curing
 j - 6 potions of brilliance
 m - 4 potions of magic
 n - 3 potions of degeneration
 q - a potion of resistance
 w - a potion of mutation
 A - 4 potions of ambrosia
 D - a potion of flight {unknown}
 M - a potion of agility {unknown}
Books
 I - a book of Unlife

   Spells                             Type                      Level
   a - Recall                         Summoning/Translocation      3
   b - Animate Dead                   Necromancy                   4
   c - Control Undead                 Necromancy                   4
   d - Cigotuvi's Embrace             Necromancy                   5
   e - Death Channel                  Necromancy                   6
   f - Simulacrum                     Ice/Necromancy               6
Comestibles
 x - 36 fruits
 C - 4 meat rations
 E - 6 royal jellies
 L - 4 bread rations


   Skills:
 + Level 12.4 Fighting
 * Level 15.6 Staves
 + Level 12.7 Armour
 - Level 11.7 Shields


You had 13 spell levels left.
You didn't know any spells.

Dungeon Overview and Level Annotations

Branches:
Dungeon (11/15)            Temple (1/1) D:6            Lair (6/6) D:8
 Shoals (0/4) Lair:4       Spider (0/4) Lair:2        Slime (0/5) Lair:5
    Orc: D:9-12

Altars:
Cheibriados
Elyvilon
Gozag Ieoh Jian
Okawaru
Ru
Xom
Yredelemnul
Zin

Shops:
D:4 *   D:9 !   D:10 *

Annotations:
D:10 Graouh's ghost, journeyman MiFi
Lair:5 exclusion: 3 oklob plants
Lair:6 exclusion: oklob plant


Innate Abilities, Weirdness & Mutations

You cannot be hasted, slowed, berserked, paralysed or teleported.
You can dig through walls and to a lower floor.
Your four strong arms can wield two-handed weapons with a shield.
You have a pair of large antennae on your head. (SInv)


Message History

You block the black mamba's attack.
The guardian serpent is distracted by your jump.
You feel sick.
Unknown command.
You closely miss the black mamba.
The black mamba is lightly wounded.
You feel sick. The black mamba bites you!
* * * LOW HITPOINT WARNING * * *
Unknown command.
You feel better. The black mamba bites you!
* * * LOW HITPOINT WARNING * * *
The black mamba bites you.
* * * LOW HITPOINT WARNING * * *
As you read the scroll of fear, it crumbles to dust.
You assume a fearsome visage.
The wolf spider looks frightened!
The black mamba resists with some effort.
The guardian serpent looks frightened!
The guardian serpent shouts!
You block the black mamba's attack. The black mamba bites you!
You die...

........... .
........................
#.
........................
...... ............
........... .....#
#............
........... .....#
#........... ...........
.....# #..........
...[....... ....#
##.......§§##
....P##P...
....###P......P.@§# ..PP
#...PP
.#..##......##..S.## ...
##....#
..........§P###....# ..
#....##
..........§P§§##..s## .
##...##.
..........§§§§§##...#
#...##..
.P........P§§.§§##..##
##..##...
##...#....P§§§§§§##.(#
#..##....
.###.......###§§§§##S##
#..#..... ....#.....##
###§§§#..####.....##


You could see a wolf spider (fleeing), a guardian serpent (fleeing) and a black
mamba.

Vanquished Creatures
  Kirke (Lair:6)
  The ghost of kae the Severer, a journeyman MiFi of Ieoh Jian (Lair:5)
  10 hydras
  4 two-headed ogres
  A death yak (Lair:6)
  The ghost of Graouh the Basher, a novice MiFi of Okawaru (D:8)
  A lindwurm (Lair:5)
  11 elephants (Lair:5)
  5 black mambas
  Psyche (D:10)
  14 spiny frogs
  10 komodo dragons
  A rime drake (Lair:4)
  2 polar bears
  2 hornets
  2 jumping spiders (Lair:2)
  3 blink frogs (Lair:1)
  2 dream sheep (D:8)
  6 hippogriffs
  A snapping turtle (Lair:4)
  3 redbacks
  8 wyverns
  18 yaks
  A hungry ghost (D:8)
  4 hogs
  Menkaure (D:7)
  3 wargs (D:8)
  17 water moccasins
  7 porcupines
  4 orc warriors
  A phantom (D:5)
  A sky beast (D:6)
  8 ogres
  4 centaurs
  15 crocodiles
  8 big kobolds
  18 bullfrogs
  A gnoll sergeant (D:7)
  A wyvern skeleton (D:11)
  3 killer bees (D:9)
  8 wights (D:6)
  A howler monkey (D:5)
  A jelly (D:6)
  A crimson imp (D:5)
  3 centaur zombies
  A bullfrog zombie (D:5)
  3 hounds
  11 orc wizards
  4 gnoll shamans
  3 orc priests (D:8)
  A bullfrog skeleton (D:8)
  2 iguanas
  5 worker ants
  4 hell rats (Lair:6)
  A hound zombie (D:7)
  A hound skeleton (D:6)
  21 gnolls
  2 river rats (D:3)
  8 adders
  4 shadow imps
  An ooze (D:1)
  2 worms
  2 dart slugs
  6 leopard geckos
  35 orcs
  5 ball pythons
  3 giant cockroaches
  6 goblins
  10 hobgoblins
  21 jackals
  4 quokkas
  7 bats
  6 frilled lizards
  A jackal skeleton (D:7)
  21 kobolds
  5 rats
  2 fungi
  A plant (D:7)
428 creatures vanquished.

Vanquished Creatures (collateral kills)
  A water moccasin (D:8)
1 creature vanquished.

Vanquished Creatures (others)
  Sonja (Lair:3)
  3 humans (Lair:6)
  An orc warrior (D:7)
  4 centaurs
  15 fungi
  22 plants
46 creatures vanquished.

Grand Total: 475 creatures vanquished

Notes
Turn   | Place    | Note
-------+----------+-------------------------------------------
     0 | D:1      | kidcy the Formicid Fighter began the quest for the Orb.
     0 | D:1      | Reached XP level 1. HP: 18/18 MP: 1/1
   134 | D:1      | Reached XP level 2. HP: 13/24 MP: 2/2
   389 | D:1      | Reached XP level 3. HP: 29/29 MP: 3/3
  1214 | D:2      | Found a snail-covered altar of Cheibriados.
  1376 | D:2      | Reached XP level 4. HP: 37/37 MP: 4/4
  1863 | D:3      | Reached skill level 3 in Staves
  1937 | D:3      | Found a glowing drain.
  1941 | Sewer    | Entered a sewer
  1992 | Sewer    | Reached XP level 5. HP: 41/42 MP: 5/5
  3260 | D:3      | Reached skill level 5 in Shields
  3603 | D:4      | Reached skill level 4 in Staves
  3603 | D:4      | Reached XP level 6. HP: 48/48 MP: 6/6
  3742 | D:4      | Found Qifoc's General Store.
  3750 | D:4      | Bought a scroll of remove curse for 42 gold pieces
  3750 | D:4      | Bought a potion of might for 56 gold pieces
  4295 | D:5      | Entered Level 5 of the Dungeon
  4307 | D:5      | Found a white marble altar of Elyvilon.
  4577 | D:5      | Noticed a phantom
  4613 | D:5      | Killed a phantom
  4613 | D:5      | Reached XP level 7. HP: 41/55 MP: 7/7
  4779 | D:5      | Reached skill level 5 in Staves
  4838 | D:5      | Found a snail-covered altar of Cheibriados.
  5414 | D:6      | Reached skill level 5 in Fighting
  5414 | D:6      | Reached skill level 5 in Armour
  5414 | D:6      | Reached XP level 8. HP: 36/62 MP: 8/8
  5696 | D:6      | Reached skill level 6 in Staves
  6239 | D:6      | Found a staircase to the Ecumenical Temple.
  6377 | D:6      | Reached XP level 9. HP: 52/69 MP: 9/9
  6490 | Temple   | Entered the Ecumenical Temple
  6561 | Temple   | Became a worshipper of the Ieoh Jian Council
  6603 | D:6      | Reached skill level 7 in Staves
  7527 | D:7      | Reached * piety under Ieoh Jian
  7772 | D:7      | Reached skill level 8 in Staves
  8342 | D:6      | Reached XP level 10. HP: 27/77 MP: 10/10
  8660 | D:7      | Noticed Menkaure
  8672 | D:7      | Killed Menkaure
  8674 | D:7      | Reached ** piety under Ieoh Jian
  9127 | D:7      | Reached skill level 9 in Staves
  9498 | D:8      | Noticed a two-headed ogre
  9534 | D:7      | Killed a two-headed ogre
  9579 | D:8      | Noticed a two-headed ogre
  9596 | D:8      | You fall through a shaft for 3 floors!
  9928 | D:10     | Entered Level 10 of the Dungeon
  9972 | D:10     | Found Hoafuere's Assorted Antiques.
  9990 | D:10     | Bought a scroll labeled DUTSUKKACKE for 29 gold pieces
  9990 | D:10     | Bought a scroll labeled GUUTTOBIPP for 29 gold pieces
 10050 | D:10     | Noticed Psyche
 10078 | D:10     | Killed Psyche
 10137 | D:10     | Noticed Graouh's ghost (journeyman MiFi)
 10615 | D:9      | Found Cerir's Distillery.
 10618 | D:9      | Bought a potion of curing for 36 gold pieces
 10618 | D:9      | Bought a potion of curing for 36 gold pieces
 10663 | D:9      | Killed a two-headed ogre
 10663 | D:9      | Reached skill level 10 in Staves
 10663 | D:9      | Reached XP level 11. HP: 66/86 MP: 11/11
 10780 | D:9      | Noticed a two-headed ogre
 10804 | D:9      | Killed a two-headed ogre
 11155 | D:8      | Reached *** piety under Ieoh Jian
 11568 | D:8      | Found a staircase to the Lair.
 11656 | D:8      | Found a glowing silver altar of Zin.
 11683 | D:8      | Noticed Graouh's ghost (novice MiFi)
 11748 | D:8      | Killed Graouh's ghost
 11748 | D:8      | Reached skill level 10 in Shields
 12021 | D:8      | Reached skill level 11 in Staves
 12213 | D:8      | Noticed a three-headed hydra
 12226 | D:8      | Killed a three-headed hydra
 12374 | D:8      | Noticed a two-headed ogre
 12390 | D:8      | Killed a two-headed ogre
 12390 | D:8      | Reached **** piety under Ieoh Jian
 12775 | D:9      | Noticed a death knight
 12785 | D:9      | Reached XP level 12. HP: 94/95 MP: 12/12
 13019 | Lair:1   | Entered Level 1 of the Lair of Beasts
 13734 | Lair:1   | Noticed a four-headed hydra
 13740 | Lair:1   | Reached skill level 10 in Armour
 13758 | Lair:1   | Killed a four-headed hydra
 14217 | Lair:1   | Reached skill level 12 in Staves
 14924 | Lair:1   | Noticed a five-headed hydra
 14937 | Lair:1   | Killed a five-headed hydra
 14937 | Lair:1   | Reached skill level 10 in Fighting
 15644 | Lair:2   | Identified a scroll of acquirement
 15823 | Lair:2   | Noticed a six-headed hydra
 15844 | Lair:2   | Killed a six-headed hydra
 16250 | Lair:2   | Noticed an eight-headed hydra
 16290 | Lair:2   | Killed an eight-headed hydra
 16290 | Lair:2   | Reached XP level 13. HP: 67/104 MP: 13/13
 16536 | Lair:2   | Found a hole to the Spider Nest.
 16569 | Lair:2   | Reached skill level 13 in Staves
 17116 | Lair:3   | Noticed a five-headed hydra
 17125 | Lair:3   | Killed a five-headed hydra
 17137 | Lair:3   | Got a translucent great sword
 17309 | Lair:3   | Identified the cursed +3 great sword of Eraurr {flame, rC+} (You found it on level 3 of the Lair of Beasts)
 17394 | Lair:3   | Noticed Sonja
 17401 | Lair:3   | Killed Sonja
 18871 | Lair:4   | Noticed a seven-headed hydra
 18881 | Lair:4   | Killed a seven-headed hydra
 18944 | Lair:4   | Noticed a five-headed hydra
 18964 | Lair:4   | Killed a five-headed hydra
 19403 | Lair:4   | Found a staircase to the Shoals.
 19624 | Lair:4   | Found an ornate altar of the Ieoh Jian Council.
 19857 | Lair:5   | Found a staircase to the Slime Pits.
 19892 | Lair:5   | Noticed kae's ghost (journeyman MiFi)
 19909 | Lair:5   | Killed kae's ghost
 19909 | Lair:5   | Reached skill level 14 in Staves
 20199 | Lair:5   | Noticed an eight-headed hydra
 20208 | Lair:5   | Killed an eight-headed hydra
 20972 | Lair:5   | Noticed an eight-headed hydra
 20981 | Lair:5   | Killed an eight-headed hydra
 20981 | Lair:5   | Reached XP level 14. HP: 53/114 MP: 14/14
 21831 | Lair:6   | Entered Level 6 of the Lair of Beasts
 22230 | Lair:6   | Reached skill level 15 in Staves
 22259 | Lair:6   | Noticed Kirke
 22821 | Lair:6   | Killed Kirke
 23743 | Lair:6   | Reached ***** piety under Ieoh Jian
 23999 | Lair:6   | Slain by a black mamba

Vault maps used:
D:1:      dpeg_arrival_brainrot
D:2:      first_bread, lemuel_tele_altar
D:3:      gup_sewer_entry_spiral
D:4:      serial_shops, shop
D:5:      cheibriados_altar_1, basic_altar, corexii_shack
D:6:      minmay_temple_entry_metal_lava, minmay_stone_trees_small,
          kb_lookout_dungeons_type
D:7:      kennysheep_seaside_town, uniq_menkaure
D:8:      erik_lair_orcish_takeover, basic_altar, hangedman_ranch
D:9:      serial_shops, kennysheep_mini
D:10:     serial_shops, shop, grunt_ministairs_10, kennysheep_generic_room_7,
          uniq_psyche
D:11:     orc_0_dummy, serial_shops, nicolae_shop_behind_doors,
          kennysheep_small_circle
Temple:   roderic_octagonal_lattice_temple
Lair:2:   spider_nest_entry_funnel_web, minmay_stone_trees_medium,
          serial_bayou_pond_b
Lair:3:   infiniplex_staircase_pool_2, uniq_sonja
Lair:4:   minmay_shoals_entry_hut, lemuel_centaur_altar, grunt_megastairs_1,
          lemuel_fruit_tree
Lair:5:   minmay_slime_entry_oklob_enclosed
Lair:6:   hangedman_lair_tendril_chambers, guppyfry_lair_end_dragon, uniq_kirke
Sewer:    sewer_co_scattered_pipes

Skill      XL: |  1  2  3  4  5  6  7  8  9 10 11 12 13 14 |
---------------+-------------------------------------------+-----
Shields        | 4 5 6 7 9 10 11 | 11.7
Staves         | 3 4 5 6 8 10 11 12 14 15 | 15.6
Armour         | 4 5 7 8 9 10 12 | 12.7
Fighting       | 4 5 6 8 9 10 11 12 | 12.4

Action                   |  1- 3 |  4- 6 |  7- 9 | 10-12 | 13-15 || total
-------------------------+-------+-------+-------+-------+-------++-------
Melee: Quarterstaff      |   115 |   341 |   435 |   979 |   915 ||  2785
Invok: Serpent's Lash    |       |       |       |       |     2 ||     2
       Heaven On Earth   |       |       |       |       |     1 ||     1
 Abil: Dig               |     1 |     4 |     2 |       |     2 ||     9
       Shaft Self        |       |       |       |     1 |       ||     1
Evoke: Wand              |       |     3 |     2 |    30 |     2 ||    37
  Use: Scroll            |       |     9 |     1 |    15 |     6 ||    31
       Potion            |       |       |     2 |     2 |     6 ||    10
 Stab: Paralysed         |       |     1 |     5 |    26 |       ||    32
       Invisible         |       |       |     2 |       |     5 ||     7
  Eat: Chunk             |     2 |     6 |     4 |    15 |     4 ||    31
       Bread ration      |       |     2 |     2 |     3 |     1 ||     8
       Meat ration       |       |       |       |       |     4 ||     4
Armor: Scale mail        |    54 |    93 |    95 |     4 |       ||   246
       Plate armour      |       |       |       |   263 |   248 ||   511
Dodge: Dodged            |    44 |    87 |    99 |   124 |   116 ||   470
Block: Shield            |    61 |   217 |   286 |   513 |   458 ||  1535
       Reflection        |       |     2 |    24 |     8 |    12 ||    46
